[Event "SixDays Budapest March IM 2023"]
[Site "Budapest"]
[Date "2023.03.25"]
[Round "3.1"]
[White "To, Nhat Minh"]
[Black "Pham, Tran Gia Phuc"]
[Result "1/2-1/2"]
[ECO "A61"]
[WhiteElo "2342"]
[BlackElo "2238"]
[Annotator "TA"]
[PlyCount "120"]
[EventDate "2023.03.24"]
[EventType "tourn"]
[EventCountry "HUN"]
[SourceTitle "playchess.com"]
[Source "ChessBase"]
[SourceQuality "1"]
[TimeControl "5400+30"]

1. d4 Nf6 2. c4 c5 3. d5 e6 4. Nc3 exd5 5. cxd5 d6 6. Nf3 g6 7. Nd2 Bg7 8. e4 O-O 9. Be2 Ne8 10. O-O Nd7 11. a4 Nc7 12. Kh1 {[%emt 0:05:43] [#] A73: Modern Benoni: Classical: Unusual Black 9th moves.} f5 $146 ({Predecessor:} 12... Re8 13. f4 Nf6 14. g4 h6 15. f5 b6 16. Rg1 g5 17. h4 Qe7 18. hxg5 hxg5 19. Rg2 Bb7 {½-½ Pradeilles,G (1996)-Aymard,M (2030) FRA AJEC/5651 email 2021}) 13. exf5 gxf5 14. Nc4 {[%emt 0:02:14] White is better.} Ne5 15. Bf4 Nxc4 16. Bxc4 Qf6 17. Qb3 b6 18. Rae1 (18. Nb5 {feels hotter.} Nxb5 19. Bxb5 Qxb2 20. Qg3) 18... Bd7 19. Re3 (19. Ne2 $16) 19... Rae8 $11 20. h3 Kh8 (20... Bh6 $5 21. Ne2 Kh8 $11) 21. Rfe1 Bh6 22. Bxh6 Qxh6 23. Bb5 (23. Nb5 $5 Bxb5 24. Qc3+ (24. Bxb5 Rxe3 25. Rxe3 Qg7 $14) 24... Qg7 25. axb5 $14) 23... f4 (23... Rxe3 $11 24. fxe3 Bxb5 25. axb5 Re8) 24. Rxe8 $1 $14 Rxe8 25. Rxe8+ Bxe8 26. Bxe8 Nxe8 {[%emt 0:00:20][%mdl 4096] Endgame KQN-KQN} 27. Qb5 $1 Qh5 28. f3 (28. Qd7 $16) 28... Qe5 29. Ne4 {[%emt 0:09:52] Qd7 would be deadly.} Nc7 $2 (29... Nf6 $11 {and Black is okay.}) 30. Qc6 $1 $18 Nxd5 31. Qa8+ $1 (31. Nxd6 Qe1+ 32. Kh2 Qg3+ 33. Kg1 Qe1+ 34. Kh2 Qg3+ 35. Kg1 Qe1+ 36. Kh2 $11) (31. Qxd6 Qxd6 32. Nxd6 Kg7 $11) 31... Kg7 32. Qxa7+ Kg6 33. Qb8 (33. Qd7 {looks sharper.} h6 34. Qd8 Kh7 35. Qf8) 33... Nf6 {[%emt 0:00:09] Inhibits Qg8+.} ({Better is} 33... h5) 34. Qxb6 $2 {[%emt 0:03:32] White is more active.} (34. Nxd6 Qe1+ 35. Kh2 Qg3+ 36. Kh1 Qe1+ 37. Kh2 Qg3+ 38. Kh1 Qe1+ $11) ({Only move:} 34. Qxd6 $16 Qxd6 35. Nxd6) 34... Nxe4 $11 35. fxe4 $16 {[%emt 0:00:05] Threatens to win with Qd8. KQ-KQ} f3 $1 36. gxf3 Qg3 37. Qb3 {[%emt 0:01:19] White threatens Qg8+ and mate.} Qxh3+ (37... Qe1+ $1 $11 38. Kg2 Qe2+ 39. Kg1 Qe1+ 40. Kg2 Qe2+ 41. Kh1 Qe1+ 42. Kh2 (42. Kg2 Qe2+ $11) 42... Qf2+ 43. Kh1 Qe1+) 38. Kg1 $14 Qg3+ 39. Kf1 Qh3+ 40. Kf2 Qh2+ 41. Ke3 {[%emt 0:00:45] Strongly threatening Qg8+.} Qg1+ 42. Kd2 {[%emt 0:00:18] White wants to mate with Qg8+.} Qf2+ 43. Kc1 {[%emt 0:00:28] And now Qd1 would win.} Qf1+ 44. Qd1 (44. Kc2 $5 Qe2+ 45. Kc1 $16) 44... Qa6 (44... Qc4+ $14 45. Kd2 Qb4+ 46. Ke3 Kf7) 45. f4 (45. b3 $18 {and White stays clearly on top.}) 45... Qc4+ $16 {[%emt 0:00:09] [#]} 46. Kb1 $1 {[%emt 0:01:27] aiming for e5.} Kf7 (46... Qxe4+ $2 47. Qc2 d5 48. a5 $18) 47. Qh5+ ({But not} 47. Qxd6 $6 Qxe4+ 48. Kc1 Qxa4 $11) 47... Ke7 48. Qxh7+ Kd8 49. Qh4+ (49. Qb7 $16) 49... Kc7 $1 $14 {[%emt 0:00:29] [#]} 50. Qe7+ (50. f5 $1 $16 {Hoping for Qe7+.} Qf1+ 51. Kc2 Qe2+ 52. Kc1) 50... Kc6 $11 {[%emt 0:00:05] The position is equal.} 51. Qe8+ Kc7 $1 52. Qe7+ Kc6 53. Qe8+ Kc7 $1 54. f5 Qf1+ 55. Kc2 (55. Ka2 $5 Qc4+ $8 56. b3 Qc2+ 57. Ka3 $11) 55... Qe2+ $1 56. Kc1 Qe1+ 57. Kc2 Qe2+ $1 58. Kc3 {[%emt 0:00:46] Black must now prevent Qf7+.} Qe3+ 59. Kc2 Qe2+ $1 60. Kb1 {[%emt 0:00:22] Qf7+ is the strong threat.} Qf1+ {[%emt 0:00:19] Weighted Error Value: White=0.16 (very precise) /Black=0.17 (very precise)} 1/2-1/2

[Event "SixDays Budapest March IM 2023"]
[Site "Budapest"]
[Date "2023.03.25"]
[Round "3.2"]
[White "Horvath, David"]
[Black "Balogh, Peter"]
[Result "1/2-1/2"]
[ECO "A04"]
[WhiteElo "2380"]
[BlackElo "2264"]
[Annotator "TA"]
[PlyCount "99"]
[EventDate "2023.03.24"]
[EventType "tourn"]
[EventCountry "HUN"]
[SourceTitle "playchess.com"]
[Source "ChessBase"]
[SourceQuality "1"]
[TimeControl "5400+30"]

1. Nf3 Nc6 2. d4 d5 3. c4 Bg4 4. Nc3 e6 5. Bg5 Be7 6. Bxe7 {[%emt 0:00:05] D07: Queen's Gambit: Chigorin Defence.} Ngxe7 7. e3 O-O 8. cxd5 Nxd5 9. Be2 Nxc3 10. bxc3 Qd6 11. O-O Rad8 {[%emt 0:02:24] [#]} 12. Rb1 $146 ({Predecessor:} 12. h3 Bf5 13. Bd3 Bg6 14. Bxg6 hxg6 15. Qa4 b6 16. Qb5 Rfe8 17. Rfd1 Qd5 18. c4 Qxb5 19. cxb5 {1-0 Mirzoev,E (2424)-Bordovsky,V (2425) Lutsk Nebesna Sotnya Memorial rap rapid 2016 (10)}) 12... b6 13. h3 Bf5 14. Bd3 Bxd3 15. Qxd3 Qa3 (15... Na5 $11 {feels stronger.}) 16. Ng5 $14 g6 17. Qc4 $36 {[%emt 0:17:41][%mdl 2048] Black is under pressure.} Ne7 18. Qb4 Qxb4 19. cxb4 c6 20. Rfc1 e5 21. dxe5 $16 {[%emt 0:08:49] White is more active.} Rd2 22. a3 Rfd8 23. Rc3 Rd1+ (23... Re2 $16 24. Ne4 Kf8) 24. Rxd1 $18 Rxd1+ {[%emt 0:00:17][%mdl 4096] Endgame KRN-KRN} 25. Kh2 Rd5 {[%emt 0:00:23] [#]} 26. f4 a5 27. bxa5 Rxa5 28. Ne4 Kg7 29. Nf6 Ra8 (29... h5 $16 30. Ne8+ Kf8) 30. g4 h6 31. Kg3 c5 32. Kf3 Rc8 33. Ke4 b5 34. f5 gxf5+ (34... Ra8 $142 35. fxg6 (35. Rxc5 gxf5+ 36. gxf5 Ra4+ 37. Kf3 Nxf5 $16) 35... Ra4+ 36. Kd3 (36. Kf3 c4 $16) 36... Nxg6 37. Nh5+ (37. Rxc5 Nxe5+ 38. Rxe5 Rxa3+ 39. Ke4 Kxf6 $16) 37... Kf8) 35. gxf5 {[%emt 0:00:02] And now Nd7 would win.} Ra8 36. Kf4 (36. Rxc5 Ra4+ 37. Kf3 Nxf5 $16) (36. Nh5+ $6 Kh7 $18) 36... b4 $2 (36... c4 37. e4 Rc8) 37. axb4 (37. Rxc5 bxa3 38. Rc1 a2 $11) 37... cxb4 38. Rc1 (38. Rc7 $142 Kf8 39. Rb7) 38... b3 $2 (38... Ra7 39. Rg1+ Kf8) 39. Rb1 $2 (39. Rc7 Ra1 40. Rxe7 Rf1+ 41. Kg4 (41. Ke4 b2 $11) 41... h5+ 42. Nxh5+ (42. Kxh5 b2 $18) 42... Kf8 43. Rb7 Ke8 44. Nf6+ Kd8 45. Rxf7) 39... Ra2 $2 (39... Rb8 40. Nd7 Rb4+ 41. e4 Kh7) 40. e4 ({Weaker is} 40. Rxb3 Rf2+ 41. Ke4 Nxf5 42. Nh5+ Kg6 $18) (40. Nh5+ $142 Kh7 41. Rxb3 Rf2+ 42. Ke4 Nxf5 43. Rb7) 40... b2 41. Nd7 ({Better is} 41. h4 $18) 41... Nc6 $16 42. f6+ ({White should play} 42. Ke3 $16 {Black must now prevent f6+.} Ra3+ 43. Kd2) 42... Kg6 $11 {[%emt 0:00:58] [#]} 43. e6 fxe6 {[%emt 0:00:32] The position is equal.} 44. Rg1+ Kh5 $1 {[%emt 0:01:02] ...Ra1 is the strong threat.} 45. f7 b1=Q $1 46. Rxb1 ({Don't play} 46. Nf6+ Kh4 47. Rg4+ Kxh3 48. Rg3+ Kh2 49. Ng4+ Kh1 50. Rh3+ Kg1 51. Rg3+ Rg2 52. Rxg2+ Kxg2 $17) 46... Rf2+ 47. Kg3 Rxf7 48. Rb5+ Kg6 49. Nc5 Nd4 50. Rb4 {[%emt 0:01:06] White really could win this.   Weighted Error Value: White=0.35/Black=0.36} 1/2-1/2

[Event "SixDays Budapest March IM 2023"]
[Site "Budapest"]
[Date "2023.03.25"]
[Round "3.3"]
[White "Neszmenyi, Zoltan"]
[Black "Halak, Miklos"]
[Result "0-1"]
[ECO "A06"]
[WhiteElo "1885"]
[BlackElo "2257"]
[Annotator "TA"]
[PlyCount "106"]
[EventDate "2023.03.24"]
[EventType "tourn"]
[EventCountry "HUN"]
[SourceTitle "playchess.com"]
[Source "ChessBase"]
[SourceQuality "1"]
[TimeControl "5400+30"]

1. Nf3 d5 2. d4 e6 3. c4 a6 4. e3 Nf6 5. Nc3 b6 6. b3 {[%emt 0:05:15] D30: Queen's Gambit Declined: Systems without Nc3.} Bb7 7. Bd3 Bd6 8. O-O {[%emt 0:00:36] The position is equal.} O-O 9. Re1 Ne4 10. Bb2 Nd7 {[%emt 0:04:32] [#]} 11. h3 $146 ({Predecessor:} 11. a3 f5 12. b4 dxc4 13. Bxc4 Qe7 14. Nxe4 fxe4 15. Ne5 Bxe5 16. dxe5 Rf5 17. Ra2 b5 {0-1 Timofeev,A (2583)-Khismatullin,D (2627) RUS-ch Higher League 71st 2018 (8)}) 11... f5 12. Ne2 Qf6 13. Nf4 Rae8 14. Be2 (14. cxd5 $11 {keeps the balance.} exd5 15. h4) 14... Bb4 ({Black should play} 14... dxc4 $17 {And now ...c3 would win.} 15. Bxc4 g5) 15. Rf1 $11 Bc3 16. Qc2 Bxb2 17. Qxb2 dxc4 18. Bxc4 (18. bxc4 $11 {remains equal.} e5 19. dxe5 Nxe5 20. Nxe5 Qxe5 21. Qxe5 Rxe5 22. Rad1) 18... b5 (18... g5 $17 19. Nxe6 Rxe6) 19. Be2 c5 20. Nd3 cxd4 21. exd4 (21. Qxd4 {keeps more tension.} Nc3 22. Bd1 Be4 23. Nf4) 21... Ng5 22. Nde5 Nxe5 23. dxe5 Qg6 24. Nxg5 Qxg5 25. f3 $1 Qe3+ 26. Rf2 f4 (26... Rc8 $15) 27. Rd1 Rd8 28. Rxd8 ({Don't play} 28. Rd6 Rxd6 29. exd6 Rd8 $17) (28. Qb1 $15 {should be considered.}) 28... Rxd8 $17 29. Bf1 Rd5 {[%emt 0:02:13] Black has more active pieces.} (29... Rd1 {seems wilder.} 30. Qc2 Rc1 31. Qd2 Bc6) 30. Kh2 Qxe5 (30... Rxe5 $2 31. Re2 $18) 31. Qc1 {[%emt 0:04:12] White is weak on the dark squares} Qd6 32. a4 Rd1 33. Qc3 Qb6 (33... b4 $1 $17 34. Qc2 Qd4) 34. Qc2 {[%emt 0:01:10] [#]} (34. Be2 $1 $15) 34... Qd4 $1 $19 35. axb5 axb5 36. b4 {[%emt 0:03:21] [#]} Bd5 $2 ({Better is} 36... h6 $1 $19 {Threatens to win with ...Kf8.} 37. h4 Kh8) 37. Qc5 $2 (37. Bxb5 $11 g6 38. Qc8+ Kg7 39. Rf1 Rxf1 40. Qc7+ Kh6 41. Bxf1) 37... Qxc5 38. bxc5 {[%emt 0:00:05][%mdl 4096] Endgame KRB-KRB} Bc6 39. Kg1 (39. g3 $142) 39... Rc1 40. Re2 Kf7 {[%emt 0:00:31] White must now prevent ...Bd5.} ({Weaker is} 40... Rxc5 41. Rxe6 Kf7 42. Re2 $17) 41. Kf2 Rxc5 42. Rb2 e5 43. Bd3 h6 44. Ra2 Rc3 45. Ke2 Rb3 46. Kd2 Bd5 47. Ra7+ Kf8 (47... Kf6 $19 {Strongly threatening ...Rb2+.} 48. Ra6+ Ke7) 48. Rd7 $2 (48. Kc2 $17 {might work better.}) 48... Be6 49. Rb7 Rb2+ {[%emt 0:00:39][%mdl 64] Skewer} 50. Bc2 $2 (50. Kc3 Rxg2 51. h4) 50... Bf5 51. Rc7 Rxc2+ {[%emt 0:00:28] Black mates.} 52. Rxc2 Bxc2 53. Kxc2 Ke7 {[%emt 0:00:04] Weighted Error Value: White=0.65/Black=0.23 (precise)} 0-1

[Event "SixDays Budapest March IM 2023"]
[Site "Budapest"]
[Date "2023.03.25"]
[Round "3.4"]
[White "Szeberenyi, Adam"]
[Black "Gandhi, Anish"]
[Result "1/2-1/2"]
[ECO "D41"]
[WhiteElo "2338"]
[BlackElo "2187"]
[Annotator "TA"]
[PlyCount "105"]
[EventDate "2023.03.24"]
[EventType "tourn"]
[EventCountry "HUN"]
[SourceTitle "playchess.com"]
[Source "ChessBase"]
[SourceQuality "1"]
[TimeControl "5400+30"]

1. d4 Nf6 2. c4 e6 3. Nf3 d5 4. Nc3 c5 5. cxd5 Nxd5 6. e4 Nxc3 7. bxc3 cxd4 8. cxd4 Bb4+ 9. Bd2 Bxd2+ 10. Qxd2 O-O 11. Bc4 Nd7 12. O-O b6 13. Rad1 Bb7 14. Rfe1 Rc8 {[%emt 0:00:08] D41: Queen's Gambit Declined: Semi-Tarrasch with 5 cxd5.} 15. Bd3 Qc7 16. h4 {[%emt 0:06:12] [#]} (16. Rc1 $5 Qb8 17. Qb2 $11) 16... Rfd8 $146 ({Predecessor:} 16... h6 17. Rc1 Qd6 18. Qe3 Rxc1 19. Rxc1 Rc8 20. Rxc8+ Bxc8 21. Qc1 Bb7 22. a4 Qc6 {0-1 Mihajlov,S (2387)-Dominguez Perez,L (2763) Chess24 Banter Blitz Cup 2019 (1.1)}) 17. Rc1 Qd6 18. e5 Qe7 19. Qf4 Nf8 (19... Bxf3 {looks sharper.} 20. Qxf3 Qxh4 21. Rxc8 Rxc8 22. Qb7 Qd8) 20. Rxc8 Rxc8 21. h5 Bxf3 (21... h6 $15) 22. Qxf3 $11 h6 {[%emt 0:00:10] Black is weak on the light squares} 23. Be4 Qb4 24. Rd1 Qb2 25. Qb3 $1 Qxb3 26. axb3 {[%emt 0:00:03][%mdl 4096] Endgame KRB-KRN} a5 27. d5 exd5 28. Rxd5 Rc5 29. f4 Rxd5 30. Bxd5 Ne6 31. Bxe6 fxe6 {[%emt 0:00:06] KP-KP} 32. Kf2 {[%emt 0:00:08] Strongly threatening Ke3.} Kf7 33. Ke3 {[%emt 0:00:23] Kd4 would be deadly.} Ke7 $2 (33... g6 $11 34. hxg6+ Kxg6) 34. Kd4 Kd7 35. g4 Kc6 36. f5 exf5 37. gxf5 b5 {[%emt 0:00:04] [#]} 38. e6 $2 ({And not} 38. f6 gxf6 39. exf6 Kd6 $11) (38. Ke4 $1 {mates} Kd7 39. Kd5 a4 40. bxa4 bxa4 41. Kc4 (41. f6 {leads to mate.} gxf6 42. e6+ Ke7 43. Kd4 Kxe6 44. Kd3 f5 45. Kd4 a3 46. Kc3 f4 47. Kc2 Kd5 48. Kc3 a2 49. Kb2 f3 50. Ka1 f2 51. Kxa2 Kc4 52. Kb2 f1=Q 53. Kc2 Qf2+ 54. Kd1 Kd3 55. Kc1 Qc2#) 41... Kd8 42. Kb4 a3 43. Kxa3) 38... Kd6 $16 39. Ke4 Ke7 {[%emt 0:04:05] [#]} 40. Kd5 $1 a4 41. bxa4 bxa4 {[%emt 0:00:05] ( -> ...a3). K3P-K3P} 42. Kc4 Kf6 43. Kb4 g6 44. fxg6 Kxe6 45. Kxa4 $18 {[%emt 0:00:04] KPP-KP} Kf6 46. Kb4 Kg7 47. Kc5 Kg8 48. Kd6 Kg7 49. Ke6 Kg8 50. Kf6 Kh8 51. g7+ $2 (51. Ke5 $18) 51... Kg8 $11 52. Ke6 Kxg7 53. Ke7 {[%emt 0:00:02] Weighted Error Value: White=0.22 (precise) /Black=0.24 (precise)} 1/2-1/2

[Event "SixDays Budapest March IM 2023"]
[Site "Budapest"]
[Date "2023.03.25"]
[Round "3.5"]
[White "Udvardi, Zalan"]
[Black "Ulasevich, Sergei"]
[Result "1-0"]
[ECO "B22"]
[WhiteElo "2260"]
[BlackElo "2236"]
[Annotator "TA"]
[PlyCount "63"]
[EventDate "2023.03.24"]
[EventType "tourn"]
[EventCountry "HUN"]
[SourceTitle "playchess.com"]
[Source "ChessBase"]
[SourceQuality "1"]
[TimeControl "5400+30"]

1. e4 c5 2. c3 Nf6 3. e5 Nd5 4. d4 cxd4 5. Nf3 Nc6 6. cxd4 d6 7. Bc4 Nb6 8. Bb3 dxe5 9. d5 Na5 10. Nc3 Nxb3 11. Qxb3 f6 {[%emt 0:03:41] B22: Sicilian: 2 c3.} 12. Be3 $1 {[%emt 0:01:44][%mdl 1024] White has compensation.} g6 13. Rc1 {[%emt 0:01:54] Black must now prevent Nb5.} Bd7 {[%emt 0:07:29] The position is equal.} 14. O-O {[%emt 0:07:37] [#]} h5 $146 {[%emt 0:04:25] [#]} (14... Bg7 $11) ({Predecessor:} 14... Bg7 15. a4 Nc8 16. Ne4 O-O 17. d6+ Kh8 18. dxe7 Qxe7 19. Bc5 Qf7 20. Qxb7 Nb6 21. Bxf8 Rxf8 22. Rc7 Be6 23. Rxf7 Rb8 24. Qxb8+ Bf8 25. Qxf8# {1-0 Grahn,V (2067)-Buchert,M (1415) Uppsala Young Champions 9th 2022 (7)}) 15. d6 $1 $16 exd6 (15... Rc8 16. Nh4) 16. Nh4 $1 {[%emt 0:00:15] White is much more active. The black rooks are badly placed.} d5 (16... g5 $2 17. Ng6 $18) 17. Nxg6 (17. Nxd5 Nxd5 18. Qxd5 Bc6 $11) 17... Rg8 18. Nxf8 Kxf8 (18... Bh3 $16 {was called for.}) 19. Bxb6 (19. Nxd5 Nxd5 20. Qxd5 Bc6 21. Qc5+ (21. Bh6+ Ke7 $11) 21... Kg7 $11) ({White should play} 19. f4 $1 $18 Kg7 20. fxe5 (20. Nxd5 Be6 $11) 20... fxe5 21. Rce1 (21. Nxd5 Be6 $14)) 19... Qxb6 {[%emt 0:01:36] [#]} 20. Qa3+ (20. Qxd5 Bh3 21. g3 (21. Na4 $2 Qd8 $19) 21... Bxf1 22. Rxf1 h4 $17) (20. Nxd5 Qxb3 21. axb3 Bc6 $15) 20... Kf7 21. Nxd5 Qe6 {[%emt 0:03:56] [#] Wards off Qe7+} 22. Qf3 {[%emt 0:03:28] Dancing on a razor blade.} Qf5 (22... Bc6 $16 23. Qxh5+ Kf8) 23. Qb3 $18 {[%emt 0:02:50] And now f4 would win.} (23. Qa3 Bc6 24. Qe7+ Kg6 $14) 23... Rac8 $2 (23... Rad8 24. Ne3+ (24. Qxb7 Rxg2+ 25. Kh1 Qh3) 24... Qe6) 24. Ne3+ (24. Qxb7 {leads to mate.} Rxg2+ 25. Kh1 Rg1+ 26. Kxg1 Rg8+ 27. Kh1 Qf3#) (24. Rxc8 $142 {Nc7+ would kill now.} Rxc8 25. Nb6+ {[%mdl 64] Discovered Attack} (25. Qxb7 Qe6 $18) 25... Qe6 26. Nxc8 {[%mdl 64] Discovered Attack} (26. Nxd7 Qxb3 27. axb3 Ke7 $11) 26... Qxb3 27. axb3 Bxc8 28. Rc1) 24... Qe6 25. Qxb7 {[%emt 0:00:11] Rxc8 is the strong threat.} Rb8 (25... Qe7 {keeps fighting.} 26. a4 (26. Qxa7 Bb5 $18) 26... f5 27. Rxc8 (27. Qxa7 f4 $16) 27... Rxc8 28. Qxa7 Be6) 26. Qf3 Kg6 27. b3 Rgc8 28. Nc4 Bc6 (28... Qg4 $16) 29. Qd3+ Kh6 $2 (29... e4 {is more resistant.} 30. Qg3+ Kh7) 30. Nd6 Qg4 31. f3 Qg5 32. Nf7+ {[%emt 0:00:09][%mdl 64] Deflection, Double Attack.   Weighted Error Value: White=0.31/Black=0.95} 1-0

[Event "SixDays Budapest March IM 2023"]
[Site "Budapest"]
[Date "2023.03.26"]
[Round "4.1"]
[White "Pham, Tran Gia Phuc"]
[Black "Ulasevich, Sergei"]
[Result "1-0"]
[ECO "D02"]
[WhiteElo "2238"]
[BlackElo "2236"]
[Annotator "TA"]
[PlyCount "85"]
[EventDate "2023.03.24"]
[EventType "tourn"]
[EventCountry "HUN"]
[SourceTitle "playchess.com"]
[Source "ChessBase"]
[SourceQuality "1"]
[TimeControl "5400+30"]

1. d4 Nf6 2. Bf4 d5 3. Nf3 c5 4. e3 Nc6 5. Nbd2 Qb6 6. dxc5 {[%emt 0:00:06] D02: 1 d4 d5 2 Nf3 sidelines, including 2...Nf6 3 g3 and 2...Nf6 3 Bf4.} Qxb2 7. Rb1 Qa3 8. Bb5 {[%emt 0:00:12] White is slightly better.} g6 9. Ne5 Qxc5 10. c4 Bg7 $1 11. Qa4 dxc4 $1 12. Bxc4 {[%emt 0:01:22] Hoping for Rb5.} a6 {[%emt 0:00:12] [#] Repels Rb5} 13. Nb3 $146 (13. Nxf7 b5 $15) ({Predecessor:} 13. Bxf7+ Kf8 14. Nxc6 Qxc6 15. Qxc6 bxc6 16. Bc4 Nd5 17. Bg3 Be6 18. e4 Nc3 19. Bxe6 Nxb1 20. Nxb1 {1-0 Hauchard,A (2515)-Sarana,A (2649) Cappelle Online Blitz op 2021 (11)}) 13... Qb6 (13... Qb4+ {simplifies} 14. Qxb4 Nxb4 15. Bxf7+ Kf8) 14. Bxf7+ Kf8 15. Nxc6 {[%emt 0:11:20] Ne5 is the strong threat.} (15. Nd2 $5 Qc5 16. Nxc6 $14) 15... Bd7 $1 {[%emt 0:00:15][%cal Bc8d7,Bd7c6,Bc6g2][%mdl 96] [#] Pin} 16. Be6 {[%emt 0:01:01] Black must now prevent Bxd7.} Bxc6 17. Qd4 Qxd4 18. Nxd4 Bxg2 19. Rg1 Be4 20. Rc1 Nd5 $132 {[%emt 0:12:37][%mdl 2048] ...Nxf4 would be deadly. Black is not holding back} 21. Rg4 {[%emt 0:05:44] aiming for Bg5.} h5 {[%emt 0:16:45] [#]} 22. Bb8 $1 Bxd4 23. Rxe4 Bf6 24. Bg3 {[%emt 0:01:18] White is more active.} h4 25. Be5 {[%emt 0:00:05] A strong pair of Bishops.} (25. Bxd5 hxg3 26. hxg3 (26. Bxb7 $2 gxh2 27. Rec4 h1=Q+ $19) 26... Rd8 $11) 25... Rh5 $2 {[%emt 0:01:22] This costs Black the game.} (25... Bxe5 $14 26. Rxe5 Nb4) 26. f4 $18 ({Weaker is} 26. Bxd5 Rxe5 27. Rxe5 (27. Bxb7 Rb8 $11) 27... Bxe5 $11) 26... Bxe5 27. fxe5 Nb6 28. Rb1 Nc8 (28... Na4 {keeps fighting.}) 29. Rxb7 Kg7 30. Rc4 Rxe5 31. Rxc8 Rxc8 32. Bxc8 Rxe3+ {[%emt 0:00:01][%mdl 4096] Endgame KRB-KR} 33. Kd2 Re5 34. a4 Rc5 35. Be6 ({Less strong is} 35. Rxe7+ Kf8 36. Rh7 Kg8 $11) 35... Kf6 36. Rb6 a5 37. Bb3+ Ke5 (37... Kg7 $142 38. Re6 Rg5) 38. Rxg6 {[%emt 0:00:30] Strongly threatening Rg5+. White is clearly winning.} Kf4 {[%emt 0:00:12] Prevents Rg5} 39. h3 e5 (39... Rf5 $142 40. Rg4+ Kf3 41. Rxh4 Re5) 40. Rg4+ Kf3 41. Kd3 Rc7 42. Bd5+ Kf2 43. Rxh4 {[%emt 0:00:04] Excellently played by Pham!   Weighted Error Value: White=0.07 (flawless) /Black=0.27 (precise)} 1-0

[Event "SixDays Budapest March IM 2023"]
[Site "Budapest"]
[Date "2023.03.26"]
[Round "4.2"]
[White "Gandhi, Anish"]
[Black "Udvardi, Zalan"]
[Result "1-0"]
[ECO "D02"]
[WhiteElo "2187"]
[BlackElo "2260"]
[Annotator "TA"]
[PlyCount "69"]
[EventDate "2023.03.24"]
[EventType "tourn"]
[EventCountry "HUN"]
[SourceTitle "playchess.com"]
[Source "ChessBase"]
[SourceQuality "1"]
[TimeControl "5400+30"]

1. d4 Nf6 2. Nf3 d5 3. Bf4 c5 4. e3 e6 5. c3 Bd6 6. Nbd2 {[%emt 0:01:39] D02: 1 d4 d5 2 Nf3 sidelines, including 2...Nf6 3 g3 and 2...Nf6 3 Bf4.} Bxf4 7. exf4 Qd6 8. g3 {[%emt 0:01:09] The position is equal.} Nc6 {[%emt 0:06:04] [#]} 9. a3 $146 (9. dxc5 $14 Qxc5 10. Bd3) ({Predecessor:} 9. dxc5 Qxc5 10. Bd3 O-O 11. O-O Re8 12. Ne5 Nxe5 13. fxe5 Nd7 14. Qe2 Qb6 15. Nf3 {1-0 Hamitevici,V (2519)-Makolli,P (2333) EU-chT (Men) 21st 2017 (9.2)}) 9... Bd7 10. Bd3 Rb8 11. O-O O-O 12. Qe2 Rfc8 13. dxc5 Qxc5 14. Nb3 Qb6 15. Nbd4 Nxd4 16. Nxd4 Re8 17. Rfe1 Qc5 18. Qf3 Qd6 19. Re5 Bc6 20. Rae1 {[%emt 0:01:44] White is much more active.} g6 21. R5e2 b5 22. Qe3 {[%emt 0:11:53] And now Qe5 would win.} Nd7 {[%emt 0:00:24] Dodges Qe5} 23. h4 a6 {[%emt 0:02:23] [#]} 24. h5 $1 Ba8 (24... Bb7 $16 {was called for.} 25. Kg2 Qf8) 25. Bc2 $18 Nf6 26. hxg6 hxg6 27. f3 Kg7 28. Qd3 Kf8 29. Qd2 Nd7 {[%emt 0:01:58] [#]} 30. Bxg6 $1 {[%emt 0:02:12][%mdl 576] Deflection} e5 31. Bxf7 Re7 (31... Kxf7 $142 32. fxe5 Nxe5 33. Qf4+ Qf6) 32. fxe5 Nxe5 33. Qf4 {[%emt 0:05:48] Intending Ne6+ and mate.} Nxf3+ 34. Qxf3 Rxf7 {[%emt 0:00:03] Black is weak on the dark squares} 35. Qg4 {[%emt 0:00:08] Weighted Error Value: White=0.39/Black=0.51} 1-0

[Event "SixDays Budapest March IM 2023"]
[Site "Budapest"]
[Date "2023.03.26"]
[Round "4.3"]
[White "Halak, Miklos"]
[Black "Szeberenyi, Adam"]
[Result "1/2-1/2"]
[ECO "C77"]
[WhiteElo "2257"]
[BlackElo "2338"]
[Annotator "TA"]
[PlyCount "41"]
[EventDate "2023.03.24"]
[EventType "tourn"]
[EventCountry "HUN"]
[SourceTitle "playchess.com"]
[Source "ChessBase"]
[SourceQuality "1"]
[TimeControl "5400+30"]

1. e4 e5 2. Nf3 Nc6 3. Bb5 a6 4. Ba4 Nf6 5. d3 b5 6. Bb3 Be7 7. O-O O-O 8. Re1 Re8 9. Nbd2 d6 10. h3 Na5 11. c3 c5 12. Bc2 Nc6 {C96: Closed Ruy Lopez: Chigorin Defence: 11 d4, replies other than 11...Qc7.} 13. a4 $1 {[%mdl 4] [#] A rather calm draw.  now scores much better than the old 13.Nf1.} {Predecessor:} b4 $146 14. Nc4 Be6 15. Bb3 h6 16. Ne3 Rb8 17. Bc4 Qc8 18. Nd5 Bxd5 19. Bxd5 bxc3 20. bxc3 Nxd5 21. exd5 {1-0 Van Foreest,J (2678)-Topalov,V (2728) Zagreb SuperUnited Rapid 2022 (7)} 1/2-1/2